 Dungeon Crawl Stone Soup version 0.28.0-43-g3370ac3207 (webtiles) character file.

Game seed: 12343579140944490229

374 fknight the Poker (level 6, 0/53 HPs)
             Began as a Gnoll Berserker on Mar 13, 2022.
             Was a Believer of Trog.
             Slain by an orc wizard
             ... wielding a +0 dagger
              (2 damage)
             ... on level 6 of the Dungeon.
             The game lasted 00:06:40 (1961 turns).

fknight the Poker (Gnoll Berserker)                 Turns: 1961, Time: 00:06:40

Health: 0/53       AC: 10    Str: 18    XL:     6   Next: 72%
Magic:  9/9        EV: 11    Int:  7    God:    Trog [**....]
Gold:   92         SH:  0    Dex: 11    Spells: 9/9 levels left

rFire   . . .      SeeInvis .   t - +0 trident (flame)
rCold   . . .      Faith    .   (no shield)
rNeg    . . .      Spirit   .   e - +0 scale mail
rPois   +          Reflect  .   (no helmet)
rElec   .          Harm     .   l - +0 cloak
rCorr   .          Rampage  .   d - +1 pair of gloves
Will    .....                   (no boots)
Stlth   ..........              o - amulet of regeneration
HPRegen 0.97/turn               s - ring of poison resistance
MPRegen 0.11/turn               (no ring)

@: on berserk cooldown, slowed, very slow
A: fangs 1, strong nose, distributed training
a: Renounce Religion, Berserk, Trog's Hand


You were on level 6 of the Dungeon.
You worshipped Trog.
Trog was pleased with you.
You visited 1 branch of the dungeon, and saw 4 of its levels.

You collected 92 gold pieces.

Inventory:

Hand Weapons
 a - a +0 spear
 m - a +0 trident
 n - a +0 hunting sling
 p - a +2 short sword of protection
 q - a +0 vorpal hand axe
 r - a +1 flail of draining
 t - a +0 trident of flaming (weapon)
Missiles
 c - 16 arrows
 f - 7 stones (quivered)
Armour
 d - a +1 pair of gloves (worn)
 e - a +0 scale mail (worn)
 l - a +0 cloak (worn)
Jewellery
 o - an amulet of regeneration (around neck)
 s - a ring of poison resistance (left hand)
Scrolls
 i - 2 scrolls of identify {unknown}
 k - a scroll of silence {unknown}
Potions
 b - a potion of attraction {unknown}
 g - a potion of flight {unknown}
 h - a potion of berserk rage {unknown}
 j - a potion of curing {unknown}


   Skills:
 + Level 6.9 Fighting
 + Level 2.1 Short Blades
 + Level 2.1 Long Blades
 + Level 2.1 Axes
 + Level 2.1 Maces & Flails
 + Level 6.9 Polearms
 + Level 2.1 Staves
 + Level 2.1 Slings
 + Level 2.1 Bows
 + Level 2.1 Crossbows
 + Level 2.1 Throwing
 + Level 5.0 Armour
 + Level 5.0 Dodging
 + Level 2.1 Stealth
 + Level 2.1 Shields
 + Level 2.1 Unarmed Combat
 + Level 2.1 Spellcasting
 + Level 1.6 Conjurations
 + Level 1.6 Hexes
 + Level 1.6 Summonings
 + Level 1.6 Necromancy
 + Level 1.6 Translocations
 + Level 1.6 Transmutations
 + Level 1.6 Fire Magic
 + Level 1.6 Ice Magic
 + Level 1.6 Air Magic
 + Level 1.6 Earth Magic
 + Level 1.6 Poison Magic
 + Level 2.3 Invocations
 + Level 2.1 Evocations


You had 9 spell levels left.
You didn't know any spells.
Your spell library was empty.

Dungeon Overview and Level Annotations

Branches:
Dungeon (3/15)

Altars:
Ru

Shops:
D:6 (


Innate Abilities, Weirdness & Mutations

You have very sharp teeth.
Your uncanny sense of smell can sniff out nearby items.
Your experience applies equally to all skills.


Message History

The magic dart hits you!
The orc warrior hits you with a +0 battleaxe!
The orc closely misses you.
You hear some strange, mumbled words.
A magic dart appears from out of thin air!
The magic dart hits you. The orc warrior barely misses you.
The orc barely misses you.
You hit the orc warrior. You burn the orc warrior.
You bite the orc warrior, but do no damage.
The orc warrior is severely wounded.
Something hits you but does no damage.
The orc warrior hits you with a +0 battleaxe.
The orc hits you but does no damage.
You closely miss the orc warrior.
The orc warrior is severely wounded.
Your skin stops crawling.
You feel less strong-willed. Something hits you but does no damage.
The orc warrior barely misses you. The orc closely misses you.
Something hits you but does no damage.
You barely miss the orc warrior.
You bite the orc warrior, but do no damage.
The orc warrior is severely wounded.
The orc warrior closely misses you. The orc barely misses you.
You hear some strange, mumbled words.
Something tries to affect you, but you resist.
The orc warrior hits you with a +0 battleaxe!
The orc hits you but does no damage.
You closely miss the orc warrior.
The orc warrior is severely wounded.
Something hits you but does no damage. The orc warrior misses you.
The orc barely misses you.
You hit the orc warrior but do no damage.
Your bite misses the orc warrior.
The orc warrior is severely wounded.
Something hits you but does no damage.
The orc warrior hits you with a +0 battleaxe!
* * * LOW HITPOINT WARNING * * *
The orc hits you with a +0 mace.
* * * LOW HITPOINT WARNING * * *
Something hits you.
You die...

#..>................
#.......###..#######
#.......# ##.#
###.......####.###
.........##.....#
####.......##.....#
#......##.........####
.....oo######........###
#o@############...#
##{)∩..............
##################


You could see an orc warrior and 2 orcs.

Vanquished Creatures
  An orc warrior (D:6)
  A water moccasin zombie (D:6)
  An orc priest (D:6)
  A centaur skeleton (D:6)
  2 orc wizards (D:6)
  Terence (D:2)
  A howler monkey skeleton (D:6)
  3 adders (D:2)
  3 dart slugs
  3 orcs (D:6)
  7 bats
  6 endoplasms
  3 giant cockroaches
  6 goblins
  3 hobgoblins (D:2)
  4 jackals (D:1)
  3 kobolds
  2 quokkas (D:1)
  A ball python (D:2)
  2 rats
54 creatures vanquished.

Notes
Turn   | Place    | Note
-------+----------+-------------------------------------------
     0 | D:1      | fknight the Gnoll Berserker began the quest for the Orb.
     0 | D:1      | Reached XP level 1. HP: 23/23 MP: 1/1
   171 | D:1      | Reached XP level 2. HP: 10/29 MP: 2/2
   568 | D:1      | Reached XP level 3. HP: 35/35 MP: 3/3
   770 | D:1      | Found a faded altar of an unknown god.
   961 | D:2      | Reached skill level 1 in Invocations
  1103 | D:2      | Reached skill level 1 in Short Blades
  1103 | D:2      | Reached skill level 1 in Long Blades
  1103 | D:2      | Reached skill level 1 in Axes
  1103 | D:2      | Reached skill level 1 in Maces & Flails
  1103 | D:2      | Reached skill level 1 in Staves
  1103 | D:2      | Reached skill level 1 in Slings
  1103 | D:2      | Reached skill level 1 in Bows
  1103 | D:2      | Reached skill level 1 in Crossbows
  1103 | D:2      | Reached skill level 1 in Throwing
  1103 | D:2      | Reached skill level 1 in Stealth
  1103 | D:2      | Reached skill level 1 in Shields
  1103 | D:2      | Reached skill level 1 in Unarmed Combat
  1103 | D:2      | Reached skill level 1 in Spellcasting
  1103 | D:2      | Reached skill level 1 in Evocations
  1158 | D:2      | Noticed Terence
  1170 | D:2      | Reached XP level 4. HP: 33/41 MP: 5/5
  1186 | D:2      | Killed Terence
  1186 | D:2      | Reached ** piety under Trog
  1365 | D:2      | Reached skill level 1 in Conjurations
  1365 | D:2      | Reached skill level 1 in Hexes
  1365 | D:2      | Reached skill level 1 in Summonings
  1365 | D:2      | Reached skill level 1 in Necromancy
  1365 | D:2      | Reached skill level 1 in Translocations
  1365 | D:2      | Reached skill level 1 in Transmutations
  1365 | D:2      | Reached skill level 1 in Fire Magic
  1365 | D:2      | Reached skill level 1 in Ice Magic
  1365 | D:2      | Reached skill level 1 in Air Magic
  1365 | D:2      | Reached skill level 1 in Earth Magic
  1365 | D:2      | Reached skill level 1 in Poison Magic
  1770 | D:3      | You fall into a shaft and drop 3 floors!
  1779 | D:6      | Reached XP level 5. HP: 47/47 MP: 5/7
  1794 | D:6      | Reached XP level 6. HP: 33/50 MP: 6/8
  1847 | D:6      | Found a sacrificial altar of Ru.
  1917 | D:6      | Found Vaxil's Antique Weapon Emporium.
  1927 | D:6      | Noticed an orc warrior
  1943 | D:6      | Killed an orc warrior
  1944 | D:6      | Reached skill level 5 in Armour
  1944 | D:6      | Reached skill level 5 in Dodging
  1944 | D:6      | Noticed an orc warrior
  1961 | D:6      | HP: 2/53 [orc/+0 mace (1)]
  1961 | D:6      | Slain by an orc wizard

Illustrated notes

Levels and vault maps discovered:
D:1:      scummos_arrival_simple_fountains, layout_loops_ring,
          dreamdust_ecumenical_altar_angels_and_demons
D:2:      layout_basic, uniq_terence
D:3:      layout_basic, lemuel_coloured_pillars_altar,
          mainiacjoe_overflow_cross_hatched, serial_curves, eino_curves_01,
          eino_curves_02, nicolae_elevator_lobby_asterisk
D:6:      layout_rooms, vehumet_altar_wand_db, nicolae_ru_sacrificial_ziggurat,
          temple_statues, serial_shops, nicolae_shop_overgrown_old_shop,
          nicolae_shop_statue_plus, shop, shop

Skill      XL: |  1  2  3  4  5  6 |
---------------+-------------------+-----
Invocations    | 1 2 |  2.3
Short Blades   | 1 2 |  2.1
Long Blades    | 1 2 |  2.1
Axes           | 1 2 |  2.1
Maces & Flails | 1 2 |  2.1
Staves         | 1 2 |  2.1
Slings         | 1 2 |  2.1
Bows           | 1 2 |  2.1
Crossbows      | 1 2 |  2.1
Throwing       | 1 2 |  2.1
Stealth        | 1 2 |  2.1
Shields        | 1 2 |  2.1
Unarmed Combat | 1 2 |  2.1
Spellcasting   | 1 2 |  2.1
Evocations     | 1 2 |  2.1
Conjurations   | 1 |  1.6
Hexes          | 1 |  1.6
Summonings     | 1 |  1.6
Necromancy     | 1 |  1.6
Translocations | 1 |  1.6
Transmutations | 1 |  1.6
Fire Magic     | 1 |  1.6
Ice Magic      | 1 |  1.6
Air Magic      | 1 |  1.6
Earth Magic    | 1 |  1.6
Poison Magic   | 1 |  1.6
Armour         | 5 |  5.0
Dodging        | 5 |  5.0
Fighting       | |  6.9
Polearms       | |  6.9

Action                   |  1- 3 |  4- 6 || total
-------------------------+-------+-------++-------
Melee: Spear             |   108 |       ||   108
       Punch             |     3 |       ||     3
       Bite              |     8 |    10 ||    18
       Trident           |    14 |    93 ||   107
 Fire: Hunting sling     |     3 |       ||     3
Invok: Berserk           |       |     2 ||     2
       Trog's Hand       |       |     2 ||     2
Armor: Animal skin       |     2 |       ||     2
       Scale mail        |    29 |    40 ||    69
Dodge: Dodged            |    49 |    70 ||   119
